 Dungeon Sprint DCSS version 0.23.2-30-g0e89c35649 (webtiles) character file.

Game seed: 62533701823842116

84 HASTUR3 the Insei (level 4, -5/42 HPs)
             Began as a Demonspawn Chaos Knight on June 17, 2019.
             Was a Plaything of Xom.
             Killed from afar by a deep elf mage (38 damage)
             ... with a bolt of cold
             ... in the Dungeon (Sprint III: "The Ten Rune Challenge").
             The game lasted 00:02:23 (476 turns).

HASTUR3 the Insei (Demonspawn Chaos Knight)          Turns: 476, Time: 00:02:24

Health: -5/42      AC:  5    Str: 13    XL:     4   Next: 24%
Magic:  4/4        EV: 14    Int: 13    God:    Xom [*.....]
Gold:   28         SH:  0    Dex: 13    Spells: 3/3 levels left

rFire    . . .     SeeInvis .     - Unarmed
rCold    . . .     Gourm    .   (no shield)
rNeg     . . .     Faith    .   a - +2 leather armour
rPois    .         Spirit   .   (no helmet)
rElec    .         Reflect  .   (no cloak)
rCorr    .         Harm     .   (no gloves)
MR       .....     Clarity  +   (no boots) Stlth +.........NoTele +
                                (no amulet)
HPRegen  0.14/turn              (no ring)
MPRegen  0.09/turn              (no ring)

@: no status effects
A: claws 1, clarity, robust 2
a: Renounce Religion


You were in the Dungeon.
You worshipped Xom.
You were a special plaything of Xom.
You were not hungry.

You visited 1 branch You collected 28 gold pieces.

Inventory:

Armour
 a - a +2 leather armour (worn)
Scrolls
 h - a scroll of blinking
 k - 2 scrolls of holy word {unknown}
 l - 3 scrolls of identify
 m - 4 scrolls of remove curse
Potions
 c - a potion of curing
 e - a potion of haste
 f - 2 potions of magic
 j - 2 potions of mutation
 n - 4 potions of flight
Comestibles
 b - 3 rations


   Skills:
 - Level 3.0 Fighting
 - Level 1.7 Armour
 - Level 5.4 Dodging
 + Level 6.0 Unarmed Combat


You had 3 spell levels left.
You didn't know any spells.
Your spell library was empty.

Dungeon Overview and Level Annotations

Branches:
Dungeon (1/1)

Altars:
Elyvilon
Zin
The Shining One


Innate Abilities, Weirdness & Mutations

You have sharp fingernails.
You possess an exceptional clarity of mind.
You are very robust. (+20% HP)


Message History

You open the door.
Found a glowing silver altar of Zin.
You close the door.
You start resting.
HP restored.
You open the door.
A deep elf mage comes into view.
It is wielding a +0 long sword of holy wrath.
The deep elf mage shouts!
The deep elf mage picks up a potion of curing.
Found two altars.
There is an open door here.
The deep elf mage casts a spell at you. The shard of ice hits you!!
Ouch! That really hurt!
You feel much better.
The deep elf mage gestures at you while chanting.
The bolt of cold hits you!!!
Ouch! That really hurt!
You die...
Xom snickers!

▓▓▓▓▓ ▓▓▓ #...####
##.##### ∆ ∆
#......#####..#___# ∆ ∆ ∆
#.......#..#..#e@.# ∆ ∆ ∆
##.##...#..#..###'#+###+
∆∆
##.###..##'#..#..........
###.##..###...'.⌠........
∆ ∆∆
#..##..####...#...######+
∆ ∆∆∆ ...##..###....#.⌠.#
..##...##.....#...#∆
.##....#......#+###
###..##.#.....# ∆∆ ∆


You could see a deep elf mage.

Vanquished Creatures
  A water elemental (D)
  A human (D)
  An ooze (D)
  A phantom (D)
  3 rats (D)
7 creatures vanquished.

Vanquished Creatures (others)
  2 draconian scorchers (D)
  6 hellions (D)
  2 yaktaurs (D)
  2 plants (D)
12 creatures vanquished.

Grand Total: 19 creatures vanquished

Notes
Turn   | Place    | Note
-------+----------+-------------------------------------------
     0 | D        | HASTUR3 the Demonspawn Chaos Knight began the quest for the
                  | Orb.
     0 | D        | Reached XP level 1. HP: 18/18 MP: 1/1
    57 | D        | XOM: potion effect (invisibility)
    68 | D        | XOM: butterfly on damage
    69 | D        | XOM: harmless Pois miscast
    79 | D        | XOM: potion effect (heal wounds)
    81 | D        | XOM: divination: detect items
    88 | D        | Gained mutation: You have sharp fingernails. [demonic
                  | ancestry]
    88 | D        | Reached XP level 2. HP: 20/24 MP: 2/2
    94 | D        | Killed a hellion
   107 | D        | XOM: silly message
   118 | D        | Reached skill level 5 in Dodging
   120 | D        | Killed a hellion
   121 | D        | Killed a hellion
   129 | D        | Killed a hellion
   130 | D        | Gained mutation: Armour fits poorly on your strangely
                  | shaped body. [potion of mutation]
   130 | D        | Gained mutation: You have a pair of small horns on your
                  | head. [potion of mutation]
   130 | D        | Gained mutation: Your flesh is cold resistant. (rC+)
                  | [potion of mutation]
   131 | D        | Lost mutation: Your flesh is cold resistant. (rC+) [potion
                  | of mutation]
   131 | D        | Lost mutation: You have a pair of small horns on your head.
                  | [potion of mutation]
   131 | D        | Lost mutation: Armour fits poorly on your strangely shaped
                  | body. [potion of mutation]
   131 | D        | Gained mutation: You possess an exceptional clarity of
                  | mind. [potion of mutation]
   131 | D        | Gained mutation: You are robust. (+10% HP) [potion of
                  | mutation]
   131 | D        | Gained mutation: You are very robust. (+20% HP) [potion of
                  | mutation]
   160 | D        | Killed a white draconian scorcher
   168 | D        | Killed a yaktaur
   182 | D        | Killed a hellion
   255 | D        | Killed a white draconian scorcher
   261 | D        | Noticed a water elemental
   261 | D        | XOM: harmless Pois miscast
   284 | D        | Killed a water elemental
   284 | D        | Reached skill level 6 in Unarmed Combat
   284 | D        | Reached XP level 3. HP: 16/34 MP: 3/3
   284 | D        | Reached XP level 4. HP: 20/42 MP: 4/4
   344 | D        | Found a glowing silver altar of Zin.
   370 | D        | Killed a hellion
   450 | D        | Killed a yaktaur
   474 | D        | Found a glowing golden altar of the Shining One.
   474 | D        | Found a white marble altar of Elyvilon.
   474 | D        | Noticed a deep elf mage
   476 | D        | Killed from afar by a deep elf mage

Skill      XL: |  1  2 |
---------------+-------+-----
Dodging        | 3 5 |  5.4
Unarmed Combat | 6 |  6.0
Fighting       | |  3.0
Armour         | |  1.7

Action                   |  1- 3 |  4- 6 || total
-------------------------+-------+-------++-------
Melee: Unarmed           |    60 |       ||    60
  Use: Potion            |     3 |     1 ||     4
 Stab: Invisible         |     7 |       ||     7
       Sleeping          |     1 |       ||     1
Armor: Leather armour    |     6 |       ||     6
Dodge: Dodged            |    41 |       ||    41
